 Dungeon Crawl Stone Soup version 0.22-a0-571-g4a923d4 (webtiles) character file.

6736 iamserjio the Blocker (level 11, -6/69 HPs)
             Began as a Gargoyle Fighter on July 1, 2018.
             Was a Believer of Makhleb.
             Mangled by a minotaur
             ... wielding a +1 hand axe of draining
              (23 damage)
             ... in a labyrinth.
             The game lasted 00:33:21 (3874 turns).

iamserjio the Blocker (Gargoyle Fighter)            Turns: 3874, Time: 00:33:22

Health: -6/69      AC: 26    Str: 18 (19) XL:     11   Next: 4%
Magic:  11/11      EV:  8    Int:  9 (10) God:    Makhleb [**....]
Gold:   213        SH: 15    Dex:  9 (12) Spells: 10/10 levels left

rFire    x . .     SeeInvis .   D - +2 flail (crush)
rCold    + . .     Gourm    .   c - +0 shield
rNeg     + . .     Faith    .   w - +0 chain mail
rPois    ∞         Spirit   .   z - +2 hat
rElec    +         Reflect  +   (no cloak)
rCorr    .         Harm     .   S - +2 pair of gloves
MR       .....                  v - +1 pair of boots
Stlth    ..........             l - +4 amulet of reflection
HPRegen  0.21/turn              m - ring of ice
MPRegen  0.12/turn              I - +2 ring of evasion

@: berserk cooldown, slowed, very slow
A: negative energy resistance 1, electricity resistance, unbreathing,
petrification resistance, rot immunity, AC +8
a: Minor Destruction, Renounce Religion


You were in a labyrinth.
You worshipped Makhleb.
Makhleb was pleased with you.
You were very hungry.

You visited 3 branches of the dungeon, and saw 12 of its levels.
You also visited: Labyrinth.

You collected 334 gold pieces.
You spent 121 gold pieces at shops.

Inventory:

Hand Weapons
 a - a +0 war axe
 g - a +0 blowgun
 r - a +3 vampiric glaive
 x - a +0 morningstar
 D - a +2 flail of crushing (weapon)
 H - a -2 flail
Missiles
 k - 5 steel javelins
 p - 2 curare-tipped needles {!f}
 B - 3 silver tomahawks (quivered)
 F - 7 poisoned javelins
 R - a throwing net {!f}
Armour
 b - a +0 scale mail
 c - a +0 shield (worn)
 d - a +0 helmet
 v - a +1 pair of boots (worn)
 w - a +0 chain mail (worn)
 z - a +2 hat (worn)
 E - a +0 ring mail of magic resistance
 S - a +2 pair of gloves (worn)
Jewellery
 e - an uncursed ring of stealth
 l - a +4 amulet of reflection (around neck)
 m - a ring of ice (left hand)
 n - an uncursed amulet of faith
 I - a +2 ring of evasion (right hand)
 Q - an uncursed amulet of magic regeneration {unknown}
Wands
 u - a wand of flame (30)
 J - a wand of enslavement (4)
 O - a wand of random effects (18)
Scrolls
 y - a scroll of fog
 A - 2 scrolls of remove curse {@r2}
 C - 2 scrolls of teleportation
 G - a scroll of amnesia
 L - 3 scrolls of random uselessness
 M - 2 scrolls of magic mapping
 N - 4 scrolls of enchant weapon
 P - a scroll of vulnerability
Potions
 j - 2 potions of lignification
 o - 3 potions of brilliance
 q - a potion of degeneration
 s - 2 potions of curing {@q1}
Comestibles
 f - 13 rations


   Skills:
 + Level 8.6 Fighting
 + Level 9.1 Axes
 + Level 8.6 Armour
 * Level 10.1 Shields


You had 10 spell levels left.
You didn't know any spells.
Your spell library contained the following spells:

 Spells                   Type           Power        Failure   Level  Hunger
 Throw Frost              Conj/Ice       #.....       100%        2    ###....
 Summon Small Mammal      Summ           #...         100%        1    ##.....
 Freeze                   Ice            #...         100%        1    ##.....
 Summon Ice Beast         Ice/Summ       #.......     100%        4    #####..
 Ozocubu's Armour         Chrm/Ice       #.......     100%        3    ####...
 Call Imp                 Summ           #.......     100%        2    ###....
 Throw Icicle             Conj/Ice       #.......     100%        4    #####..
 Call Canine Familiar     Summ           #.......     100%        3    ####...
 Summon Lightning Spire   Summ/Air       #.......     100%        4    #####..
 Summon Guardian Golem    Hex/Summ       #.......     100%        3    ####...


Dungeon Overview and Level Annotations

Branches:
Dungeon (10/15)            Temple (1/1) D:6            Lair (1/6) D:9
    Orc: D:9-12

Altars:
Ashenzari
Cheibriados
Dithmenos
Elyvilon
Fedhas
Gozag
Hepliaklqana
Kikubaaqudgha
Makhleb
Nemelex Xobeh
Qazlal
Ru
Sif Muna
Uskayaw
Vehumet
Wu Jian
Xom
Yredelemnul
Zin
The Shining One

Shops:
D:3 *   D:4 (*?[   D:5 *   D:6 !*%%

Annotations:
D:10 Erica
Lair:1 Fannar


Innate Abilities, Weirdness & Mutations

You are resistant to torment.
Your stone body is resilient. (AC +8)
You are immune to poison.
You resist negative energy. (rN+)
You are resistant to electric shocks. (rElec)
You can survive without breathing.
You are immune to petrification.
You are immune to rotting.


Message History

* * * LOW HITPOINT WARNING * * *
The minotaur gores you but does no damage.
You block the minotaur's attack. x2
You hit the minotaur but do no damage.
The minotaur is moderately wounded.
The minotaur hits you but does no damage.
You block the minotaur's attack.
The minotaur hits you with a hand axe of draining.
* * * LOW HITPOINT WARNING * * *
The minotaur gores you but does no damage.
You barely miss the minotaur.
The minotaur furiously retaliates!
The minotaur headbutts you, but does no damage.
The minotaur is moderately wounded.
You block the minotaur's attack. The minotaur closely misses you.
You hit the minotaur.
The minotaur is heavily wounded.
The minotaur hits you but does no damage.
The minotaur barely misses you.
The minotaur hits you with a hand axe of draining!!
You die...

# # .# ## # . .# .#
# # . # ## . . . ..
..# . #.# # #.####.
. #... . .. ....# #
###
#.#########.####.
...
....#8:8[8.8#(.....#
### # .#<(H@(..'(##
## . . .
.#8[8)8.8#....... .
P # #########..## #


PP# # ... .......... P ###P.### . .# .##### #PP P.... . . . P P . #.## ## .. ..
. . . . #..# # # You could see a minotaur.

Vanquished Creatures
  2 two-headed ogres
  Urug (D:10)
  2 trolls
  A merfolk (D:9)
  A hippogriff (D:8)
  A redback (Lab)
  A basilisk (Lair:1)
  2 hungry ghosts (Lab)
  Edmund (D:5)
  2 water moccasins (Lair:1)
  3 porcupines
  4 orc warriors
  2 sky beasts
  2 ogres
  A black bear (D:10)
  A centaur (D:5)
  A necrophage (D:7)
  4 bullfrogs
  5 scorpions
  4 wights (D:9)
  A howler monkey (D:10)
  4 crimson imps
  A centaur zombie (D:7)
  A bullfrog zombie (D:7)
  4 hounds
  A bullfrog skeleton (D:4)
  An orc priest (D:10)
  A jelly (D:5)
  3 centaur skeletons
  10 orc wizards
  Natasha (thrice) (D:2)
  Terence (D:2)
  2 iguanas
  4 worker ants
  2 ogre skeletons (Lab)
  Robin (D:2)
  7 adders
  A shadow imp (D:6)
  2 worms (D:6)
  2 leopard geckos (D:2)
  31 orcs
  4 giant cockroaches
  13 goblins
  4 hobgoblins
  12 jackals
  4 quokkas
  2 bats
  6 kobolds
  A leopard gecko skeleton (D:4)
  A leopard gecko zombie (D:8)
  4 rats
175 creatures vanquished.

Vanquished Creatures (collateral kills)
  An orc wizard (D:6)
  An orc (D:6)
2 creatures vanquished.

Vanquished Creatures (others)
  4 orcs (D:10)
  A fungus (Lair:1)
5 creatures vanquished.

Grand Total: 182 creatures vanquished

Notes
Turn   | Place    | Note
-------+----------+-------------------------------------------
     0 | D:1      | iamserjio the Gargoyle Fighter began the quest for the Orb.
     0 | D:1      | Reached XP level 1. HP: 14/14 MP: 1/1
   141 | D:2      | Reached XP level 2. HP: 18/19 MP: 2/2
   208 | D:2      | Reached XP level 3. HP: 9/23 MP: 3/3
   272 | D:2      | Noticed Robin
   278 | D:2      | Killed Robin
   280 | D:2      | Reached XP level 4. HP: 9/29 MP: 4/4
   389 | D:2      | Found a shattered altar of Ashenzari.
   389 | D:2      | Noticed Terence
   390 | D:2      | Found a burning altar of Makhleb.
   390 | D:2      | Noticed Natasha
   396 | D:2      | Killed Terence
   399 | D:2      | Killed Natasha
   399 | D:2      | Reached skill level 4 in Shields
   416 | D:2      | Noticed Natasha
   426 | D:2      | Killed Natasha
   426 | D:2      | Reached XP level 5. HP: 14/33 MP: 5/5
   576 | D:4      | Found Plog's General Store.
   607 | D:4      | Found Ugyn's Antique Armour Shoppe.
   705 | D:4      | Reached XP level 6. HP: 23/39 MP: 6/6
   709 | D:4      | Bought 2 curare-tipped needles for 16 gold pieces
   748 | D:4      | Found Gudaikk's Weapon Boutique.
   820 | D:5      | Entered Level 5 of the Dungeon
   820 | D:5      | Noticed Edmund
   850 | D:5      | Killed Edmund
   854 | D:5      | Reached XP level 7. HP: 23/44 MP: 7/7
   955 | D:6      | Reached skill level 5 in Shields
   975 | D:6      | Found a staircase to the Ecumenical Temple.
   984 | Temple   | Entered the Ecumenical Temple
  1099 | D:4      | Reached skill level 5 in Armour
  1114 | D:4      | Reached skill level 5 in Fighting
  1164 | D:2      | Noticed Natasha
  1171 | D:2      | Killed Natasha
  1198 | D:2      | Became a worshipper of Makhleb the Destroyer
  1468 | D:3      | Found an opulent altar of Gozag.
  1477 | D:3      | Found Gozag's Platinum Reserve.
  1528 | D:4      | Found Dif Vur's Magic Scroll Emporium.
  1552 | D:4      | Bought a scroll of magic mapping for 35 gold pieces
  1588 | D:4      | Bought a potion of heal wounds for 70 gold pieces
  1658 | D:5      | Found Menk's General Store.
  1752 | D:6      | Found Tiliff's Distillery.
  1765 | D:6      | Reached skill level 5 in Axes
  1785 | D:6      | Found Yxacri's Assorted Antiques.
  1806 | D:6      | Reached XP level 8. HP: 29/49 MP: 8/8
  1829 | D:6      | Found Xouh's Food Emporium.
  1858 | D:6      | Found Ubyelul's Food Boutique.
  1916 | D:7      | Found a white marble altar of Elyvilon.
  1916 | D:7      | Found a deep blue altar of Sif Muna.
  2106 | D:7      | Noticed a troll
  2121 | D:7      | Reached skill level 6 in Shields
  2131 | D:7      | Killed a troll
  2201 | D:7      | Reached * piety under Makhleb
  2211 | D:7      | Reached XP level 9. HP: 18/56 MP: 9/9
  2440 | D:8      | Noticed a two-headed ogre
  2444 | D:8      | Killed a two-headed ogre
  2444 | D:8      | Reached skill level 7 in Shields
  2767 | D:10     | Entered Level 10 of the Dungeon
  2777 | D:10     | Noticed a troll
  2795 | D:10     | Killed a troll
  2817 | D:10     | Noticed Erica
  2819 | D:10     | Noticed a two-headed ogre
  2831 | D:10     | Killed a two-headed ogre
  2831 | D:10     | Reached skill level 8 in Shields
  2831 | D:10     | Reached XP level 10. HP: 47/63 MP: 10/10
  2865 | D:10     | Reached ** piety under Makhleb
  2895 | D:10     | Noticed a two-headed ogre
  2902 | D:10     | Noticed Urug
  3066 | D:9      | Found a staircase to the Lair.
  3084 | D:9      | Reached skill level 9 in Shields
  3159 | D:10     | Killed Urug
  3490 | Lair:1   | Entered Level 1 of the Lair of Beasts
  3534 | Lair:1   | Noticed Fannar
  3649 | Lair:1   | Found a labyrinth entrance.
  3665 | Lab      | Entered a labyrinth
  3719 | Lab      | Reached skill level 10 in Shields
  3719 | Lab      | Reached XP level 11. HP: 37/69 MP: 11/11
  3848 | Lab      | Noticed a minotaur
  3874 | Lab      | Mangled by a minotaur

Vault maps used:
D:1:      dpeg_arrival_rooms_b
D:2:      gammafunk_temple_overflow_pools, chequers_ecumenical_altar_island,
          uniq_crazy_yiuf_cottage, uniq_natasha, uniq_terence, uniq_robin
D:3:      nicolae_gozag_zags_fifth_avenue, uniq_sigmund
D:4:      first_ration, serial_shops, shop_statue, shop_scrolls, shop, shop,
          shop_statue
D:5:      serial_shops, nicolae_shop_temple_entry_statues_fountains,
          kennysheep_small_circle, uniq_pikel, uniq_edmund
D:6:      lemuel_temple_firewalk_a, serial_shops, nicolae_shop_waterfront,
          nicolae_shop_overgrown_old_shop, shop, shop, shop_coins, st_stairs_7
D:7:      amethyst_overflow_temple_binary
D:8:      bloody_trog
D:9:      lemuel_round_altar, grunt_lair_entry_orc_guard_hut, stair_cage_wide,
          hangedman_fish_farm, minmay_misc_feat_cross
D:10:     hiddenorc1_lemuel, uniq_psyche, uniq_erica, uniq_urug
Temple:   eino_wide_crystal_templ
Lair:1:   gammafunk_ghost_icy, lab_entry_generic, serial_bayou_pond_d,
          guppyfry_lair_drakes, uniq_fannar
Lab:      nicolae_lab_dead_adventurers, nicolae_lab_plus, nicolae_lab_starburst,
          nicolae_lab_t_cross, nicolae_lab_garden, nicolae_lab_grate_2,
          labyrinth_glass_1, nicolae_lab_blocks, lab_hedge

Skill      XL: |  1  2  3  4  5  6  7  8  9 10 |
---------------+-------------------------------+-----
Axes           | 2 3 4 5 6 8 9 |  9.1
Fighting       | 4 5 6 7 8 |  8.6
Armour         | 4 5 6 7 8 |  8.6
Shields        | 4 5 6 8 10 | 10.1

Action                   |  1- 3 |  4- 6 |  7- 9 | 10-12 || total
-------------------------+-------+-------+-------+-------++-------
Melee: War axe           |    54 |   160 |   343 |    43 ||   600
       Flail             |       |       |       |   217 ||   217
Evoke: Wand              |       |       |     5 |     5 ||    10
  Use: Potion            |     1 |       |     3 |     8 ||    12
       Scroll            |       |     5 |    11 |    11 ||    27
 Stab: Invisible         |       |       |     2 |     7 ||     9
  Eat: Chunk             |       |       |     7 |     4 ||    11
       Ration            |       |       |       |     1 ||     1
Armor: Scale mail        |    80 |    46 |       |       ||   126
       Chain mail        |       |    35 |   205 |    98 ||   338
Dodge: Dodged            |    36 |    51 |   102 |    69 ||   258
Block: Shield            |    62 |    85 |   311 |   202 ||   660
       Reflection        |       |       |     4 |     8 ||    12

Table legend:
 A = Spawn XP
 B = Non-spawn XP
 C = Spawn XP percentage of total XP
 D = Spawn monster count
 E = Non-spawn monster count
 F = Spawn count percentage of total count
 G = Total turns spent on level
                    A         B        C        D         E        F      G
               +---------+---------+-------+---------+---------+-------+---------
         Total |       0 |    9623 |   0.0 |       0 |     177 |   0.0 |  3874
               +---------+---------+-------+---------+---------+-------+---------
           D:1 |       0 |       6 |   0.0 |       0 |       4 |   0.0 |   152
           D:2 |       0 |     227 |   0.0 |       0 |      30 |   0.0 |   369
           D:3 |       0 |      18 |   0.0 |       0 |      11 |   0.0 |   401
           D:4 |       0 |     246 |   0.0 |       0 |      18 |   0.0 |   474
           D:5 |       0 |     489 |   0.0 |       0 |       9 |   0.0 |   247
           D:6 |       0 |     476 |   0.0 |       0 |      20 |   0.0 |   304
           D:7 |       0 |    1247 |   0.0 |       0 |      26 |   0.0 |   419
           D:8 |       0 |    1321 |   0.0 |       0 |       5 |   0.0 |   344
           D:9 |       0 |    1186 |   0.0 |       0 |      16 |   0.0 |   439
          D:10 |       0 |    2973 |   0.0 |       0 |      26 |   0.0 |   302
        Lair:1 |       0 |     721 |   0.0 |       0 |       5 |   0.0 |   175
           Lab |       0 |     713 |   0.0 |       0 |       7 |   0.0 |   209
               +---------+---------+-------+---------+---------+-------+---------
